 Dungeon Crawl Stone Soup version 0.30-a0-1161-g0704695555 (webtiles) character file.

Game seed: 13658929895321338978

11101 Pooter the Cleaver (level 11, -8/145 HPs)
             Began as a Minotaur Berserker on Apr 27, 2023.
             Was a Priest of Trog.
             Mangled by an orc warlord
             ... wielding a +0 dire flail
              (17 damage)
             ... on level 11 of the Dungeon.
             The game lasted 01:02:43 (12542 turns).

Pooter the Cleaver (Minotaur Berserker)            Turns: 12542, Time: 01:02:44

Health: -8/145     AC: 17    Str: 25    XL:     11   Next: 44%
Magic:  10/10      EV:  4    Int:  6    God:    Trog [***...]
Gold:   728        SH:  0    Dex:  9    Spells: 10/10 levels left

rFire   + . .        a - +0 great mace
rCold   . . .        (shield currently unavailable)
rNeg    . . .        R - +0 crystal plate armour
rPois   .            (helmet restricted)
rElec   .            y - +0 cloak
rCorr   .            (no gloves)
SInv    +            l - +0 pair of boots
Will    ++...        O - amulet of regeneration Stlth
                     F - ring of protection from fire
HPRegen 2.24/turn    S - ring of see invisible
MPRegen 0.12/turn

%: no passive effects
@: berserking (expiring), strong-willed, regenerating, very quick
A: horns 2, retaliatory headbutt
a: Renounce Religion, Berserk, Trog's Hand


You were on level 11 of the Dungeon.
You worshipped Trog.
Trog was most pleased with you.
You visited 2 branches of the dungeon, and saw 12 of its levels.

You collected 772 gold pieces.
You spent 44 gold pieces at shops.

Inventory:

Hand Weapons
 a - a +0 great mace (weapon)
   (You found it on level 6 of the Dungeon)
 b - a +0 arbalest
   (You took it off an orc warrior on level 11 of the Dungeon)
 i - a +2 flail of holy wrath
   (You took it off an orc warrior on level 11 of the Dungeon)
 E - a +0 trident
   (You took it off an orc on level 8 of the Dungeon)
 N - a +0 broad axe
   (You bought it in a shop on level 8 of the Dungeon)
Missiles
 o - 2 throwing nets {!f}
 w - 2 poisoned darts
 M - a boomerang
 Q - 81 stones (quivered)
Armour
 l - a +0 pair of boots (worn)
   (You found it on level 3 of the Dungeon)
 y - a +0 cloak (worn)
   (You found it on level 4 of the Dungeon)
 R - a +0 crystal plate armour (worn)
   (You found it on level 11 of the Dungeon)
Jewellery
 F - a ring of protection from fire (left hand)
   (You found it on level 6 of the Dungeon)
 G - an amulet of guardian spirit
   (You found it on level 2 of the Dungeon)
 I - a ring of protection from cold
   (You found it on level 4 of the Dungeon)
 J - a ring of flight
   (You found it on level 9 of the Dungeon)
 K - an amulet of the acrobat
   (You took it off an orc wizard on level 8 of the Dungeon)
 O - an amulet of regeneration (around neck)
   (You found it on level 11 of the Dungeon)
 P - a ring of poison resistance
   (You found it on level 1 of the Dungeon)
 S - a ring of see invisible (right hand)
   (You found it on level 5 of the Dungeon)
Wands
 f - a wand of flame (16)
   (You took it off an orc on level 8 of the Dungeon)
 j - a wand of polymorph (17)
   (You found it on level 7 of the Dungeon)
 A - a wand of roots (12)
   (You found it on level 7 of the Dungeon)
 C - a wand of mindburst (14)
   (You found it on level 5 of the Dungeon)
Scrolls
 c - 2 scrolls of immolation {!r}
 g - 4 scrolls of noise {!r}
 k - 2 scrolls of silence
 n - a scroll of butterflies
 q - 2 scrolls of blinking
 s - 2 scrolls of fog
 t - 9 scrolls of teleportation {@r4}
 D - 2 scrolls of poison {!r}
Potions
 d - a potion of haste {@q3}
 e - a potion of heal wounds {unknown}
 h - 3 potions of attraction {!q}
 p - a potion of berserk rage {unknown}
 r - a potion of invisibility
 u - 7 potions of curing {@q1}
 v - a potion of flight
 x - a potion of lignification {!q}
 z - a potion of mutation {unknown}
 H - a potion of brilliance {unknown}
 L - a potion of resistance {unknown}


   Skills:
 + Level 9.3 Fighting
 * Level 12.6(13.2) Axes
 + Level 6.6(10.5) Maces & Flails
 * Level 10.5 Ranged Weapons
 - Level 2.4 Armour
 - Level 2.1 Dodging
 - Level 5.7 Stealth
 + Level 3.2 Evocations


You had 10 spell levels left.
You didn't know any spells.
Your spell library was empty.

Dungeon Overview and Level Annotations

Branches:
Dungeon (11/15)            Temple (0/1) D:7            Lair (0/5) D:8
    Orc (1/2) D:11

Altars:
Fedhas
Kikubaaqudgha
Okawaru
Ru
Sif Muna
Trog
Uskayaw
Vehumet
Wu Jian
Zin

Shops:
D:8 (

Annotations:
D:6 2 transporters, sircluck's ghost, novice GnBe
D:7 3 runed translucent doors, mandoloar's ghost, novice OpTm


Innate Abilities, Weirdness & Mutations

You have a pair of horns on your head.
You reflexively headbutt those who attack you in melee.


Message History

The orc warrior hits you with a +0 battleaxe!
The orc warlord roars a battlecry!
The orcs go into a battle-frenzy!
You climb upwards.
Welcome back to the Dungeon!
There is a staircase to the Orcish Mines, spattered with blood here.
A red film seems to cover your vision as you go berserk!
You feel yourself moving faster!
You feel mighty! The orc barely misses you.
The orc warlord hits you with a +0 dire flail!
The orc warrior hits you with a +0 battleaxe!
You hit the orc warlord. The orc hits you with a +0 club.
The orc warlord hits you with a +0 dire flail.
The orc warrior hits you with a +0 battleaxe!
* * * LOW HITPOINT WARNING * * *
You bludgeon the orc warlord!! The orc hits you but does no damage.
The orc warlord hits you but does no damage.
The orc warrior hits you with a +0 battleaxe!
* * * LOW HITPOINT WARNING * * *
You bludgeon the orc warlord!! The orc hits you with a +0 club.
* * * LOW HITPOINT WARNING * * *
The orc warlord hits you with a +0 dire flail!
* * * LOW HITPOINT WARNING * * *
The orc warrior hits you with a +0 battleaxe!
* * * LOW HITPOINT WARNING * * *
You sock the orc warlord! Your headbutt misses the orc warlord.
Unknown command.
You barely miss the orc warlord. The orc hits you but does no damage.
The orc warlord hits you but does no damage.
The orc warrior hits you with a +0 battleaxe!
* * * LOW HITPOINT WARNING * * *
You bludgeon the orc warlord!! The orc hits you with a +0 club.
* * * LOW HITPOINT WARNING * * *
The orc warlord barely misses you.
The orc warrior hits you with a +0 battleaxe!
* * * LOW HITPOINT WARNING * * *
Unknown command.
You sock the orc warlord!
You headbutt the orc warlord, but do no damage.
The orc hits you but does no damage. The orc warlord barely misses you.
The orc warrior hits you with a +0 battleaxe!
* * * LOW HITPOINT WARNING * * *
Unknown command.
You sock the orc warlord!
Unknown command.
You barely miss the orc warlord. Your headbutt misses the orc warlord.
The orc hits you but does no damage. The orc warlord barely misses you.
The orc warrior hits you with a +0 battleaxe.
* * * LOW HITPOINT WARNING * * *
You hit the orc warlord. The orc hits you but does no damage.
The orc warlord hits you with a +0 dire flail!
You die...

#.....}### #....###
#.#################
#..................
###################
#######8###8###8###
#§≈≈.#...#...#)..#.
#≈§o.#.............
#≈@o.'.............
#≈≈o.#..[..........
#≈≈≈.#...#...#...#.
#######8###8###8###
### ### ### #


You could see an orc warlord, an orc warrior (strong) and an orc (strong).

Vanquished Creatures
  Pikel (D:7)
  A deep elf pyromancer (D:11)
  A cyclops (D:9)
  A manticore (D:11)
  2 komodo dragons (D:11)
  An unseen horror (D:10)
  2 trolls
  A hornet (D:7)
  Grinder (D:6)
  6 yaks (D:8)
  4 wyverns
  Eustachio (D:4)
  2 wraiths (D:10)
  2 steam dragons
  4 vampire mosquitoes (D:11)
  3 acid dragons
  2 wargs (D:11)
  A water moccasin (D:9)
  4 sky beasts
  9 orc warriors
  3 ice beasts
  3 ogres
  3 centaurs
  A phantom (D:5)
  6 bullfrogs
  3 scorpions
  4 wights (D:10)
  3 howler monkeys
  3 hounds (D:5)
  7 jellies
  3 gnoll boudas
  11 orc priests
  A sleepcap (D:6)
  Natasha (thrice) (D:2)
  2 iguanas
  13 orc wizards
  8 adders
  12 gnolls
  A shadow imp (D:8)
  2 white imps
  2 ufetubi
  3 worms (D:2)
  4 dart slugs
  39 orcs
  4 endoplasms
  A giant cockroach (D:2)
  2 goblins
  4 hobgoblins
  3 quokkas
  7 ball pythons
  4 bats
  5 frilled lizards
  9 kobolds
  4 rats
232 creatures vanquished.

Vanquished Creatures (collateral kills)
  An orc warrior (D:11)
  2 orc priests
  2 orc wizards (D:11)
  3 orcs
  An endoplasm (D:4)
  A kobold (D:4)
10 creatures vanquished.

Vanquished Creatures (others)
  A human (D:6)
  A howler monkey (D:4)
  3 fungi (D:8)
  7 plants
12 creatures vanquished.

Grand Total: 254 creatures vanquished

Notes
Turn   | Place    | Note
-------+----------+-------------------------------------------
     0 | D:1      | Pooter the Minotaur Berserker began the quest for the Orb.
     0 | D:1      | Reached XP level 1. HP: 19/19 MP: 0/0
   111 | D:1      | Reached XP level 2. HP: 25/27 MP: 1/1
   158 | D:1      | Reached skill level 4 in Axes
   158 | D:1      | Reached skill level 1 in Stealth
   792 | D:2      | Reached XP level 3. HP: 33/33 MP: 2/2
   834 | D:2      | Reached ** piety under Trog
  1079 | D:2      | Noticed Natasha
  1086 | D:2      | Killed Natasha
  1087 | D:2      | Reached XP level 4. HP: 17/40 MP: 1/3
  1254 | D:2      | Noticed Natasha
  1265 | D:2      | Killed Natasha
  1266 | D:2      | Reached skill level 5 in Axes
  1435 | D:2      | Noticed Natasha
  1444 | D:2      | Killed Natasha
  1445 | D:2      | Reached XP level 5. HP: 45/47 MP: 4/4
  1816 | D:3      | Reached skill level 1 in Ranged Weapons
  1973 | D:3      | Identified the +0 ring mail "Ceuts" {Dex+4}
  2568 | D:4      | Reached *** piety under Trog
  2582 | D:4      | Reached XP level 6. HP: 52/55 MP: 5/5
  2943 | D:4      | Reached skill level 6 in Axes
  2966 | D:4      | Noticed Eustachio
  3087 | D:4      | Killed Eustachio
  3088 | D:4      | Reached skill level 5 in Fighting
  3299 | D:4      | Reached XP level 7. HP: 61/61 MP: 4/6
  3520 | D:5      | Entered Level 5 of the Dungeon
  3672 | D:5      | Reached skill level 7 in Axes
  3880 | D:5      | Found a radiant altar of Vehumet.
  3993 | D:5      | Reached XP level 8. HP: 63/70 MP: 5/7
  4435 | D:5      | Found a shimmering blue altar of Sif Muna.
  4528 | D:6      | Reached skill level 5 in Ranged Weapons
  5009 | D:6      | Reached skill level 8 in Axes
  5164 | D:6      | Reached skill level 1 in Maces & Flails
  5194 | D:6      | Noticed sircluck's ghost (novice GnBe)
  5194 | D:6      | Noticed a cyclops
  5205 | D:6      | Found a blossoming altar of Fedhas.
  5214 | D:6      | Noticed Grinder
  5219 | D:6      | Killed Grinder
  5416 | D:6      | Found a transporter.
  5754 | D:6      | Reached skill level 9 in Axes
  5754 | D:6      | Reached XP level 9. HP: 71/78 MP: 8/8
  5785 | D:6      | Found an ancient bone altar of Kikubaaqudgha.
  5794 | D:6      | Found a transporter.
  6469 | D:7      | Noticed Pikel
  6482 | D:7      | Killed Pikel
  6483 | D:7      | Reached skill level 5 in Stealth
  6552 | D:7      | Found a runed translucent gate.
  6554 | D:7      | Found a runed translucent gate.
  6555 | D:7      | Found a runed translucent gate.
  6557 | D:7      | Noticed mandoloar's ghost (novice OpTm)
  6729 | D:7      | Found a hide-covered altar of Uskayaw.
  6755 | D:7      | Found a staircase to the Ecumenical Temple.
  6812 | D:7      | Noticed Maggie
  6816 | D:7      | Maggie changed into Maggie the wyvern
  6816 | D:7      | Noticed Maggie
  6829 | D:7      | Killed Maggie the wyvern
  6830 | D:7      | Reached skill level 10 in Axes
  7818 | D:8      | Reached XP level 10. HP: 80/88 MP: 9/9
  7941 | D:8      | Reached **** piety under Trog
  8083 | D:8      | Found a staircase to the Lair.
  8146 | D:8      | Found Qiuttuoju's Weapon Boutique.
  8155 | D:8      | Bought a +0 broad axe for 44 gold pieces
  8260 | D:8      | Found a glowing silver altar of Zin.
  8260 | D:8      | Found a sacrificial altar of Ru.
  8358 | D:8      | Found an iron altar of Okawaru.
  8380 | D:8      | Reached skill level 11 in Axes
  8380 | D:8      | Reached skill level 5 in Maces & Flails
  9529 | D:9      | Reached skill level 1 in Evocations
  9927 | D:9      | Noticed a cyclops
  9937 | D:9      | Killed a cyclops
 10245 | D:10     | Entered Level 10 of the Dungeon
 10462 | D:10     | Identified the staff of death "Jumirch" {rN+ Will+}
 10635 | D:10     | Found a bloodstained altar of Trog.
 10832 | D:10     | Found an ornate altar of the Wu Jian Council.
 10862 | D:10     | Reached XP level 11. HP: 92/95 MP: 10/10
 10998 | D:11     | Reached skill level 12 in Axes
 11150 | D:11     | Reached skill level 10 in Ranged Weapons
 11488 | D:11     | Found a staircase to the Orcish Mines.
 11986 | D:11     | Noticed a deep elf pyromancer
 11992 | D:11     | Killed a deep elf pyromancer
 12160 | D:11     | Found the amulet of Elemental Vulnerability {rPois rF--
                  | rC-- AC+8}
 12266 | Orc:1    | Entered Level 1 of the Orcish Mines
 12445 | Orc:1    | Noticed an orc warlord
 12513 | Orc:1    | Noticed an orc sorcerer
 12529 | Orc:1    | Noticed a sun demon
 12539 | D:11     | HP: 7/145 [orc warrior/+0 battleaxe[an orc warlord] (9)]
 12542 | D:11     | Mangled by an orc warlord

Illustrated notes

Levels and vault maps discovered:
D:1:      dpeg_arrival_arbitrary_b, layout_rooms, kennysheep_small_spiral,
          minivault_23
D:2:      layout_basic, uniq_natasha
D:3:      layout_loops_corners, nicolae_kite_square_tiling_tiny,
          nicolae_grassy_gnolls
D:4:      layout_rooms, uniq_eustachio
D:5:      kennysheep_spiral_hall, layout_basic, lemuel_coloured_pillars_altar,
          nicolae_overflow_crystal_walls, minmay_misc_feat_enclosed
D:6:      layout_basic, tgw_kikubaaqudgha, lemuel_tele_altar,
          gammafunk_ghost_arena, uniq_grinder
D:7:      layout_basic, mainiacjoe_overflow_alcove_4,
          minmay_temple_entry_proselytizer, gammafunk_ghost_necromancy,
          uniq_pikel, uniq_maggie
D:8:      layout_layer_cave, mainiacjoe_overflow_24_doors,
          gammafunk_temple_overflow_elements, dpeg_oklobed_lair, serial_shops,
          nicolae_shop_bloodbath_and_beyond, minmay_checkerbox
D:9:      layout_long_grid, minmay_misc_feat_plants
D:10:     layout_cave_pools, mainiacjoe_overflow_cross_hatched,
          mainiacjoe_overflow_alcove_2
D:11:     layout_rooms, david_orc_4, serial_curves, eino_curves_02,
          eino_curves_01
Orc:1:    orc_temple, layout_caves, gammafunk_ghost_berserking_beasts,
          minmay_shop_mass

Skill      XL: |  1  2  3  4  5  6  7  8  9 10 11 |
---------------+----------------------------------+-----
Axes           | 4 5 6 7 9 10 11 12 | 12.6
Stealth        | 1 2 3 4 5 |  5.7
Fighting       | 4 5 6 7 8 9 |  9.3
Ranged Weapons | 1 3 4 6 8 9 10 | 10.5
Maces & Flails | 2 4 5 6 |  6.6
Evocations     | 2 3 |  3.2
Armour         | |  2.4
Dodging        | |  2.1

Action                     |  1- 3 |  4- 6 |  7- 9 | 10-12 || total
---------------------------+-------+-------+-------+-------++-------
  Melee: Hand axe          |    38 |     5 |       |       ||    43
         Headbutt          |     9 |    16 |    29 |    41 ||    95
         Whip              |    28 |    50 |       |       ||    78
         War axe           |       |    26 |    59 |    22 ||   107
         Punch             |       |     1 |     2 |       ||     3
         Great mace        |       |       |   102 |   207 ||   309
         Broad axe         |       |       |       |    14 ||    14
         Trident           |       |       |       |    10 ||    10
   Fire: Sling             |       |    42 |    40 |       ||    82
         Shortbow          |       |       |    49 |    67 ||   116
         Arbalest          |       |       |       |    14 ||    14
  Throw: Stone             |       |     3 |     1 |     1 ||     5
 Invoke: Berserk           |       |     3 |     7 |    14 ||    24
         Trog's Hand       |       |       |     2 |    16 ||    18
  Evoke: Wand              |       |     3 |     5 |     4 ||    12
    Use: Scroll            |     1 |     5 |    11 |     6 ||    23
   Stab: Sleeping          |     3 |       |     1 |       ||     4
         Distracted        |       |       |       |     1 ||     1
 Armour: Animal skin       |    13 |     5 |       |       ||    18
         Ring mail         |       |    30 |    33 |       ||    63
         Plate armour      |       |       |   100 |   128 ||   228
         Crystal plate arm |       |       |       |    84 ||    84
  Dodge: Dodged            |    32 |    59 |   107 |   109 ||   307

Table legend: (Time is in decaauts)
 A = Elapsed time spent in this place.
 B = Non-inter-level travel time spent in this place.
 C = Inter-level travel time spent in this place.
 D = Time resting spent in this place.
 E = Time spent auto-exploring this place.
 F = Levels seen in this place.
 G = Mean time per level.
                   A        B        C        D        E       F      G
               +--------+--------+--------+--------+--------+-----+--------+
         Total |  12908 |  12392 |    516 |   3641 |   6554 |  12 | 1075.7 |
       Dungeon |  12878 |  12362 |    516 |   3641 |   6554 |  11 | 1170.7 |
  Orcish Mines |     30 |     30 |      0 |      0 |      0 |   1 |   30.0 |
               +--------+--------+--------+--------+--------+-----+--------+

Top non-repeatable levels by time:
     D:6: 1977 daAuts
    D:11: 1714 daAuts
     D:7: 1627 daAuts
     D:8: 1521 daAuts
     D:3: 1186 daAuts
     D:9: 1012 daAuts
     D:5: 962 daAuts
     D:2: 900 daAuts
     D:4: 787 daAuts
     D:1: 690 daAuts
    D:10: 498 daAuts
   Orc:1: 30 daAuts
